 Dungeon Crawl Stone Soup version 0.25-a0-781-gc44aebf4fe (webtiles) character file.

Game seed: 17485313212332203679, levelgen mode: deterministic

46 MirrMurr the Vandal (level 3, 0/25 HPs)
             Began as a Halfling Hunter on Apr 16, 2020.
             Slain by a worm (4 damage)
             ... on level 2 of the Dungeon.
             The game lasted 00:03:33 (1484 turns).

MirrMurr the Vandal (Halfling Hunter)               Turns: 1484, Time: 00:03:33

Health: 0/25       AC:  3    Str: 14    XL:     3   Next: 95%
Magic:  3/3        EV: 15    Int:  9    God:
Gold:   25         SH:  0    Dex: 14    Spells: 2/2 levels left

rFire    . . .     SeeInvis .   b - +0 dagger (drain)
rCold    . . .     Gourm    .   (shield restricted)
rNeg     . . .     Faith    .   c - +0 leather armour
rPois    .         Spirit   .   (no helmet)
rElec    .         Reflect  .   (no cloak)
rCorr    .         Harm     .   (no gloves)
MR       .....                  (no boots)
Stlth    +.........             (no amulet)
HPRegen  0.08/turn              (no ring)
MPRegen  0.08/turn              (no ring)

@: no status effects
A: small, mutation resistance 1
a: no special abilities


You were on level 2 of the Dungeon.
You were hungry.

You visited 1 branch of the dungeon, and saw 2 of its levels.

You collected 25 gold pieces.

Inventory:

Hand Weapons
 a - a +1 hunting sling
 b - a +0 dagger of draining (weapon)
Missiles
 d - 42 sling bullets
 k - 2 boomerangs (quivered)
Armour
 c - a +0 leather armour (worn)
Scrolls
 e - a scroll of identify {unknown}
 j - a scroll of enchant armour {unknown}
 l - a scroll of fog {unknown}
 o - a scroll of teleportation {unknown}
 r - a scroll of remove curse
Potions
 g - a potion of curing {unknown}
 h - a potion of mutation {unknown}
 m - 3 potions of degeneration {unknown}
 n - a potion of heal wounds {unknown}
Comestibles
 f - 3 rations


   Skills:
 + Level 2.3 Fighting
 * Level 6.8 Slings
 + Level 2.8 Dodging
 - Level 1.1 Stealth


You had 2 spell levels left.
You didn't know any spells.
Your spell library was empty.

Dungeon Overview and Level Annotations

Branches:
Dungeon (2/15)

Altars:


Innate Abilities, Weirdness & Mutations

You are small and have problems with some larger weapons.
You are somewhat resistant to further mutation.


Message History

The crimson imp hits you.
* * * LOW HITPOINT WARNING * * *
You hit the crimson imp but do no damage.
The crimson imp hits you but does no damage.
The worm barely misses you.
Unknown command.
You hit the worm but do no damage.
The worm is severely wounded.
The crimson imp hits you but does no damage.
You hit the worm. You drain the worm.
You kill the worm!
The crimson imp misses you.
You hit the worm.
The worm is heavily wounded.
The crimson imp hits you.
* * * LOW HITPOINT WARNING * * *
You hit the worm but do no damage.
The worm is heavily wounded.
The worm bites you.
You die...

.!. ...###
###..###...#..
............
#..#..#>.###
#..#..#.....
#.......####### ##
##.#..###.....#
....##.#..###...<.#
..........5@w.....#
...###.#####.....#
#.# #.....#
#.###########
#.##.....#
#.##.###.#
#.##.###.#
#......#.##
###.......#


You could see a worm and a crimson imp.

Vanquished Creatures
  2 adders (D:2)
  An ooze (D:1)
  A dart slug (D:1)
  A worm (D:2)
  A leopard gecko (D:1)
  A ball python (D:1)
  2 giant cockroaches (D:1)
  4 goblins (D:1)
  A hobgoblin (D:1)
  A bat (D:1)
  2 frilled lizards (D:1)
  A kobold (D:1)
  3 rats
21 creatures vanquished.

Vanquished Creatures (others)
  3 toadstools (D:2)
3 creatures vanquished.

Grand Total: 24 creatures vanquished

Notes
Turn   | Place    | Note
-------+----------+-------------------------------------------
     0 | D:1      | MirrMurr the Halfling Hunter began the quest for the Orb.
     0 | D:1      | Reached XP level 1. HP: 14/14 MP: 1/1
   101 | D:1      | Reached skill level 6 in Slings
   107 | D:1      | Reached XP level 2. HP: 13/19 MP: 2/2
   500 | D:1      | Reached XP level 3. HP: 22/24 MP: 3/3
  1484 | D:2      | Slain by a worm

Levels and vault maps discovered:
D:1:      psy_arrival_radial02, layout_basic, kennysheep_boxes
D:2:      layout_loops_cross, chequers_ecumenical_altar_grove,
          minmay_misc_feat_tiny, minmay_gold_behind_fungi

Skill      XL: |  1 |
---------------+----+-----
Slings         | 6 |  6.8
Fighting       | 2 |  2.3
Dodging        | |  2.8
Stealth        | |  1.1

Action                   || total
-------------------------++-------
Melee: Short sword       ||    20
       Dagger            ||    77
 Fire: Hunting sling     ||     2
  Use: Scroll            ||     1
 Stab: Distracted        ||     1
       Sleeping          ||     1
  Eat: Chunk             ||     1
Armor: Leather armour    ||    12
Dodge: Dodged            ||    59

Table legend:
 A = Non-vault XP
 B = Vault XP
 C = Vault XP percentage of total XP
 D = Non-vault monster count
 E = Vault monster count
 F = Vault count percentage of total count
                 A         B        C        D         E       F
            +---------+---------+-------+---------+---------+-------
      Total |      67 |       0 |   0.0 |      21 |       0 |   0.0
            +---------+---------+-------+---------+---------+-------
        D:1 |      36 |       0 |   0.0 |      17 |       0 |   0.0
        D:2 |      31 |       0 |   0.0 |       4 |       0 |   0.0
            +---------+---------+-------+---------+---------+-------
